 Dungeon Crawl Stone Soup version 0.19-a0-1341-g3513869 (webtiles) character file.

873 4thArraOfDagon the Ruffian (level 7, 0/58 (59) HPs)
             Began as a Troll Ice Elementalist on Sept 1, 2016.
             Was a Follower of Uskayaw.
             Slain by a wolf (8 damage)
             ... led by Grum
             ... on level 8 of the Dungeon.
             The game lasted 00:05:14 (1167 turns).

4thArraOfDagon the Ruffian (Troll Ice Elementalist) Turns: 1167, Time: 00:05:15

HP:   0/58 (59)     AC:  5    Str: 17    XL:     7   Next: 74%
MP:   8/8           EV: 10    Int: 13    God:    Uskayaw [*.....]
Gold: 40            SH:  0    Dex: 10    Spells: 1 memorised, 7 levels left

rFire  . . .     SeeInvis .       - Unarmed
rCold  . . .     Gourm    +     a - +0 robe
rNeg   . . .     Faith    .     (no shield)
rPois  .         Spirit   .     (helmet restricted)
rElec  .         Dismiss  .     (no cloak)
rCorr  .         Reflect  .     (gloves unavailable)
MR     .....     Harm     .     (boots unavailable)
Stlth  +.........               (no amulet)
                                (no ring)
                                (no ring)

@: lethally poisoned (0 -> -1), about to teleport
A: unfitting armour, claws 3, fast metabolism 3, gourmand, regeneration 1,
shaggy fur 1, tough skin 2
a: Stomp, Renounce Religion


You were on level 8 of the Dungeon.
You worshipped Uskayaw.
Uskayaw was noncommittal.
You were full.

You visited 1 branch of the dungeon, and saw 8 of its levels.

You collected 40 gold pieces.

Inventory:

Missiles
 o - 3 tomahawks of dispersal (quivered)
Armour
 a - a +0 robe (worn)
 l - a gold dragon hide
Wands
 n - a wand of lightning (2/15)
Scrolls
 d - a scroll of blinking {unknown}
 e - a scroll of amnesia {unknown}
 f - a scroll of remove curse
 g - a scroll of fog
 h - a scroll of teleportation
 m - a scroll of enchant weapon {unknown}
Potions
 j - a potion of might {unknown}
 k - a potion of flight {unknown}
Books
 b - a book of Frost

   Spells                             Type                      Level
   a - Freeze                         Ice                          1
   b - Throw Frost                    Conjuration/Ice              2
   c - Ozocubu's Armour               Charms/Ice                   3
   d - Throw Icicle                   Conjuration/Ice              4
   e - Summon Ice Beast               Ice/Summoning                4
Comestibles
 c - 4 bread rations
 i - a meat ration


   Skills:
 + Level 1.9 Armour
 - Level 1.5 Dodging
 - Level 1.1 Stealth
 * Level 7.2 Unarmed Combat
 - Level 1.2 Spellcasting
   Level 0.6 Conjurations
 - Level 2.1 Ice Magic
 + Level 3.4 Invocations


You had 7 spell levels left.
You knew the following spells:

 Your Spells              Type           Power        Failure   Level  Hunger
a - Freeze                Ice            #...         12%         1    ##.....


Dungeon Overview and Level Annotations

Branches:
Dungeon (8/15)
 Temple: D:4-7         Lair: D:8-11

Altars:
Ashenzari
Cheibriados
Gozag
Kikubaaqudgha
Qazlal
Uskayaw
Zin

Shops:
D:5 *

Annotations:
D:5 4thArraOfDagon's ghost, weakling TrIE
D:8 Grum


Innate Abilities, Weirdness & Mutations

You are too large for most types of armour.
You have claws for hands.
Your metabolism is lightning-fast.
You like to eat raw meat.
Your natural rate of healing is unusually fast.
You are covered in fur. (AC +1)
You have very tough skin. (AC +2)


Message History

A wolf and Grum come into view.
You feel sick.
The wolf howls!
A wolf comes into view.
You feel sick.
You can no longer pass through a line of other dancers.
Unknown command.
Unknown command.
As you read the scroll labeled SUAVVA UNABI, it crumbles to dust.
You feel blessed for a moment.
It was a scroll of remove curse.
You feel sick.
As you read the scroll labeled BIEGGEOCZUC, it crumbles to dust.
The scroll dissolves into smoke.
It was a scroll of fog.
The wolf bites you.
* * * LOW HITPOINT WARNING * * *
Unknown command.
As you read the scroll labeled UNGIOM DUQU, it crumbles to dust.
You feel strangely unstable.
It was a scroll of teleportation.
The wolf bites you!
* * * LOW HITPOINT WARNING * * *
The wolf bites you!
You die...

# #########
.#h
#.......##.h.g
#....).....#
#.......#
#.....§h#
#....§§@#
#.....§§#
#..††.§.#
#.......#
#.......#
#.......######
####..........
#......#####
##....#.#


You could see a wolf.

Vanquished Creatures
  A necrophage (D:6)
  An ogre (D:8)
  3 giant frogs (D:6)
  2 scorpions (D:8)
  A howler monkey (D:6)
  4 crimson imps
  A jelly (D:7)
  A centaur skeleton (D:7)
  An iguana (D:8)
  Natasha (D:2)
  A worker ant (D:7)
  3 gnolls (D:4)
  3 adders
  2 worms (D:2)
  A dart slug (D:2)
  A giant gecko (D:3)
  3 orcs
  A giant cockroach (D:4)
  2 goblins
  3 hobgoblins
  8 jackals
  3 quokkas
  2 giant newts
  2 jackal skeletons
  2 kobolds
  A rat (D:3)
54 creatures vanquished.

Notes
Turn   | Place    | Note
-------+----------+-------------------------------------------
     0 | D:1      | 4thArraOfDagon the Troll Ice Elementalist began the quest for the Orb.
     0 | D:1      | Reached XP level 1. HP: 16/16 MP: 1/1
    44 | D:2      | Reached skill level 1 in Unarmed Combat
    52 | D:2      | Noticed Natasha
    76 | D:2      | Killed Natasha
    76 | D:2      | Reached skill level 2 in Unarmed Combat
    76 | D:2      | Reached XP level 2. HP: 12/24 MP: 2/2
    78 | D:2      | Reached XP level 3. HP: 16/31 MP: 3/3
    90 | D:2      | Found an opulent altar of Gozag.
    91 | D:2      | Found a glowing silver altar of Zin.
   171 | D:2      | Reached skill level 3 in Unarmed Combat
   263 | D:4      | Found a hide-covered altar of Uskayaw.
   263 | D:4      | Noticed a dagger
   263 | D:4      | Noticed a hand axe
   275 | D:4      | usk :(
   282 | D:4      | Became a worshipper of Uskayaw the Reveler
   302 | D:4      | Reached * piety under Uskayaw
   303 | D:4      | Reached ** piety under Uskayaw
   312 | D:4      | Reached XP level 4. HP: 21/39 MP: 4/4
   312 | D:4      | Reached *** piety under Uskayaw
   417 | D:4      | Reached skill level 4 in Unarmed Combat
   448 | D:5      | Entered Level 5 of the Dungeon
   488 | D:5      | Found Caesed's Assorted Antiques.
   538 | D:6      | Noticed a giant frog
   543 | D:6      | Killed a giant frog
   543 | D:6      | Reached skill level 1 in Invocations
   543 | D:6      | Reached XP level 5. HP: 28/45 MP: 5/5
   560 | D:6      | Reached skill level 5 in Unarmed Combat
   589 | D:6      | Noticed a necrophage
   605 | D:6      | Reached XP level 6. HP: 41/53 MP: 6/6
   619 | D:6      | Reached **** piety under Uskayaw
   620 | D:6      | Reached skill level 6 in Unarmed Combat
   773 | D:5      | Noticed 4thArraOfDagon's ghost (weakling TrIE)
   880 | D:7      | Found a shattered altar of Ashenzari.
   928 | D:7      | Reached XP level 7. HP: 55/58 MP: 8/8
   954 | D:6      | Found a snail-covered altar of Cheibriados.
   954 | D:6      | Found an ancient bone altar of Kikubaaqudgha.
  1021 | D:7      | Reached skill level 1 in Armour
  1074 | D:8      | Found a stormy altar of Qazlal.
  1077 | D:8      | Noticed a two-headed ogre
  1082 | D:8      | Reached skill level 7 in Unarmed Combat
  1162 | D:8      | Noticed Grum
  1167 | D:8      | Slain by a wolf

Vault maps used:
D:1:      minmay_arrival_five_plusses
D:2:      grunt_temple_overflow_gold_and_silver, uniq_iyjb, uniq_natasha,
          uniq_crazy_yiuf_cottage
D:3:      serial_aquarium, aquarium_bridge_square, aquarium_window_fake,
          aquarium_window_2, aquarium_window_2, aquarium_view_2d
D:4:      dancing_weapons_uskayaw, vehumet_crystals, minmay_snake_closets,
          uniq_robin, uniq_blork_the_orc
D:5:      serial_shops, nicolae_shop_stone, shop,
          nicolae_shop_overgrown_old_shop, shop_statue, first_bread,
          minmay_misc_feat_chi, kennysheep_generic_room_12
D:6:      gammafunk_temple_overflow_elements
D:7:      evilmike_ruin_ashenzari
D:8:      grunt_temple_overflow_champion_of_chaos, grunt_temple_overflow_open,
          serial_shops, shop, uniq_grum

Skill      XL: |  1  2  3  4  5  6  7 |
---------------+----------------------+-----
Unarmed Combat | 2 3 4 5 6 7 |  7.2
Invocations    | 1 2 3 |  3.4
Armour         | 1 |  1.9
Dodging        | |  1.5
Stealth        | |  1.1
Spellcasting   | |  1.2
Conjurations   | |  0.6
Ice Magic      | |  2.1

Action                   |  1- 3 |  4- 6 |  7- 9 || total
-------------------------+-------+-------+-------++-------
Melee: Unarmed           |    99 |   144 |    31 ||   274
       Punch             |     1 |       |     2 ||     3
  Use: Potion            |     1 |       |       ||     1
       Scroll            |       |       |     3 ||     3
 Stab: Paralysed         |       |     2 |       ||     2
  Eat: Chunk             |       |    13 |     1 ||    14
Armor: Robe              |    31 |    46 |     7 ||    84
Dodge: Dodged            |    69 |    55 |    13 ||   137
